 Dungeon Crawl Stone Soup version 0.29.1-13-g9f3cf754e1 (webtiles) character file.

Game seed: 3239310872353521962

727 javelincjr the Magician (level 8, -1/52 HPs)
             Began as a Djinni Conjurer on Feb 8, 2023.
             Slain by billybob123456's ghost (4 damage)
             ... on level 4 of the Dungeon.
             The game lasted 00:22:20 (4944 turns).

javelincjr the Magician (Djinni Conjurer)           Turns: 4944, Time: 00:22:30

Health: -1/52      AC:  2    Str:  8    XL:     8   Next: 3%
Gold:   214        EV: 20    Int: 18    God:
                   SH:  3    Dex: 11

rFire   + + .      SeeInvis .   y - +7 war axe of Awkwardness {vorpal, rElec}
rCold   x . .      Faith    .   l - +0 buckler
rNeg    . . .      Spirit   .   a - +0 robe
rPois   ∞          Reflect  .   (no helmet)
rElec   +          Harm     .   (no cloak)
rCorr   .          Rampage  .   (no gloves)
Will    ++...      Rage     50% (boots unavailable)
Stlth   ++........              v - necklace of Bloodlust {*Rage Will++ Int-3 Slay+6}
HPRegen 0.17/turn               d - +4 ring of evasion
MPRegen 0.00/turn               f - +4 ring of evasion

@: on berserk cooldown, flying
A: sickness immunity, fire resistance 2, cold vulnerability 1, float, innate
caster, HP casting, extra vitality 1
a: no special abilities


You were on level 4 of the Dungeon.
You visited 1 branch of the dungeon, and saw 4 of its levels.

You collected 214 gold pieces.

Inventory:

Hand Weapons
 i - a +2 dagger of venom
 y - the +7 war axe of Awkwardness (weapon) {vorpal, rElec}
   (You found it on level 3 of the Dungeon)

   It inflicts extra damage upon your enemies.
   rElec:     It insulates you from electricity.
Missiles
 n - 6 javelins
 s - 11 boomerangs
Armour
 a - a +0 robe (worn)
 l - a +0 buckler (worn)
Jewellery
 d - a +4 ring of evasion (left hand)
 f - a +4 ring of evasion (right hand)
 v - the necklace of Bloodlust (around neck) {*Rage Will++ Int-3 Slay+6}
   (You found it on level 4 of the Dungeon)

   [amulet of nothing]

   It extends the wearer's berserk rage when killing foes.
   Int:       It affects your intelligence (-3).
   Slay:      It affects your accuracy & damage with ranged weapons and melee
   (+6).
   *Rage:     It berserks you when you make melee attacks (+50% chance).
   Will:      It greatly increases your willpower.
Wands
 c - a wand of polymorph (7)
Scrolls
 b - 5 scrolls of identify {unknown}
 e - 2 scrolls of poison {unknown}
 g - 2 scrolls of teleportation {unknown}
 h - a scroll of vulnerability {unknown}
 m - a scroll of fear {unknown}
 q - a scroll of immolation {unknown}
 r - a scroll of amnesia {unknown}
 t - 3 scrolls of blinking {unknown}
 w - 3 scrolls of brand weapon {unknown}
Potions
 j - 2 potions of attraction {unknown}
 k - a potion of resistance {unknown}
 o - a potion of might {unknown}
 p - a potion of degeneration {unknown}
 u - 3 potions of curing
 x - a potion of cancellation {unknown}
 z - a potion of brilliance {unknown}


   Skills:
 + Level 1.2 Fighting
 + Level 0.2 Short Blades
 + Level 3.7 Dodging
 + Level 3.3 Stealth
 + Level 0.1 Shields
 + Level 6.1 Spellcasting


You couldn't memorise any spells.
You knew the following spells:

 Your Spells              Type           Power      Damage    Failure   Level
a - Magic Dart            Conj           100%       1d8       1%          1
b - Searing Ray           Conj           54%        2d6       1%          2
c - Dazzling Flash        Conj/Hex       54%        N/A       3%          3
d - Fulminant Prism       Conj/Hex       13%        3d9       13%         4
e - Iskenderun's Mystic   Conj/Tloc      27%        2d7       13%         4
f - Freeze                Ice            100%       1d11      1%          1
g - Blink                 Tloc           54%        N/A       1%          2
h - Passwall              Tmut/Erth      22%        N/A       1%          2
Your spell library was empty.

Dungeon Overview and Level Annotations

Branches:
Dungeon (4/15)
 Temple: D:4-7

Altars:
Ashenzari
Elyvilon
The Shining One

Shops:
D:1 [

Annotations:
D:4 billybob123456's ghost, amateur MiMo


Innate Abilities, Weirdness & Mutations

You are immune to sickness and miasma.
You are immune to poison.
Your flesh is very heat resistant. (rF++)
You are vulnerable to cold. (rC-)
You float through the air rather than walking.
You learn spells naturally, not from books.
Your magical power is your life essence.
You have superior vitality. (+4 MHP)


Message History

Billybob123456's ghost turns its malevolent gaze towards you.
The ball python barely misses you. The ball python completely misses you.
You closely miss the ball python. The ball python misses you.
The ball python barely misses you. The ball python closely misses you.
You block the ball python's attack. x2; The ball python barely misses you.
You closely miss the ball python. The ball python misses you.
The ball python completely misses you. The ball python bites you.
The ball python barely misses you.
You closely miss the ball python. The ball python misses you.
The ball python barely misses you. The ball python completely misses you.
The ball python grabs you. The ball python constricts you.
The ball python bites you. The ball python constricts you.
You slash the ball python!
You kill the ball python!
You see here a ball python corpse.
Billybob123456's ghost laughs, "And you think you're capable of finding the ORB?
I had it, you know.
Then I gave it away so I could steal it AGAIN."
You reach down and open the gate.
You barely miss billybob123456's ghost.
Billybob123456's ghost closely misses you.
Billybob123456's ghost barely misses you.
Billybob123456's ghost misses you.
You hit billybob123456's ghost.
Billybob123456's ghost is lightly damaged.
Billybob123456's ghost sneers, "Do you call that fighting?"
Billybob123456's ghost misses you.
Billybob123456's ghost closely misses you.
You slash billybob123456's ghost!
Billybob123456's ghost is moderately damaged.
Billybob123456's ghost completely misses you. x2
You hit billybob123456's ghost.
Billybob123456's ghost is heavily damaged.
Billybob123456's ghost hits you!
You block billybob123456's ghost's attack.
You barely miss billybob123456's ghost.
Billybob123456's ghost is moderately damaged.
You feel yourself speed up.
Billybob123456's ghost barely misses you.
Billybob123456's ghost hits you! x2
* * * LOW HITPOINT WARNING * * *
You die...

#####..#######.###.####
##...##...##.###.#
#..#......#..<...#
##########...#..#####
#((..(#..#......#
#.8...#..#...####.. .
#...(.'...........# #
#(.[..'...##.######
#..(..W@.###.####
#(...(#..†......#
#.....#.........#
#######..........
#####.....# .....#
######


You could see billybob123456's ghost.

Vanquished Creatures
  Sigmund (D:2)
  Menkaure (D:4)
  A water moccasin (D:4)
  A phantom (D:4)
  Jessica (D:3)
  Natasha (thrice) (D:2)
  Terence (D:2)
  Robin (D:4)
  4 adders
  A white imp (D:3)
  A worm (D:2)
  2 dart slugs
  5 orcs (D:4)
  13 ball pythons
  2 endoplasms
  A giant cockroach (D:1)
  15 goblins
  11 hobgoblins
  4 jackals (D:3)
  8 kobolds
  A quokka (D:3)
  5 bats
  4 frilled lizards
  2 goblin skeletons (D:3)
  4 hobgoblin zombies (D:3)
  A kobold skeleton (D:3)
  An orc skeleton (D:3)
  5 rats
100 creatures vanquished.

Vanquished Creatures (others)
  6 fulminant prisms
6 creatures vanquished.

Grand Total: 106 creatures vanquished

Notes
Turn   | Place    | Note
-------+----------+-------------------------------------------
     0 | D:1      | javelincjr the Djinni Conjurer began the quest for the Orb.
     0 | D:1      | javelincjr set off with the following spells memorised:
                  | Magic Dart, Searing Ray, Dazzling Flash, Fulminant Prism,
                  | Iskenderun's Mystic Blast.
     0 | D:1      | Reached XP level 1. HP: 15/15 MP: 0/0
   213 | D:1      | Reached XP level 2. HP: 13/21 MP: 0/0
   677 | D:1      | Reached XP level 3. HP: 22/25 MP: 0/0
   677 | D:1      | Learned a level 1 spell: Freeze
   772 | D:1      | Found Ytuklewk's Armour Boutique.
  1100 | D:1      | Reached skill level 4 in Spellcasting
  1180 | D:2      | Noticed Sigmund
  1403 | D:1      | Reached XP level 4. HP: 29/31 MP: 0/0
  1778 | D:2      | Noticed Terence
  1945 | D:2      | Killed Terence
  2479 | D:2      | Killed Sigmund
  2480 | D:2      | Reached skill level 5 in Spellcasting
  2480 | D:2      | Reached XP level 5. HP: 25/36 MP: 0/0
  2480 | D:2      | Learned a level 2 spell: Blink
  2480 | D:2      | Reached XP level 6. HP: 28/41 MP: 0/0
  2508 | D:2      | Noticed Natasha
  2861 | D:2      | Killed Natasha
  2937 | D:2      | Noticed Natasha
  2944 | D:2      | Killed Natasha
  3060 | D:2      | Noticed Natasha
  3067 | D:2      | Killed Natasha
  3188 | D:3      | Found a broken altar of Ashenzari.
  3308 | D:3      | Found a glowing golden altar of the Shining One.
  3321 | D:4      | Found the necklace of Bloodlust {*Rage Will++ Int-3 Slay+6}
  3603 | D:4      | Reached XP level 7. HP: 40/46 MP: 0/0
  3603 | D:4      | Learned a level 2 spell: Passwall
  3709 | D:4      | Noticed a water moccasin
  3717 | D:4      | Killed a water moccasin
  3957 | D:4      | Noticed Robin
  3969 | D:4      | Killed Robin
  4136 | D:4      | Found a runed translucent gate.
  4136 | D:4      | Found a runed translucent gate.
  4136 | D:4      | Found a runed translucent gate.
  4137 | D:4      | Noticed Menkaure
  4414 | D:3      | Found a white marble altar of Elyvilon.
  4457 | D:3      | Reached skill level 1 in Fighting
  4633 | D:3      | Noticed Jessica
  4636 | D:3      | Killed Jessica
  4672 | D:3      | Identified the +7 war axe of Awkwardness {vorpal, rElec}
  4920 | D:4      | Killed Menkaure
  4921 | D:4      | Reached skill level 6 in Spellcasting
  4921 | D:4      | Reached XP level 8. HP: 52/52 MP: 0/0
  4928 | D:4      | Noticed billybob123456's ghost (amateur MiMo)
  4944 | D:4      | Slain by billybob123456's ghost

Illustrated notes

Levels and vault maps discovered:
D:1:      dpeg_arrival_more_subterranean_lakeside_camping, layout_basic,
          serial_shops, nicolae_diamond_shop
D:2:      layout_rooms, uniq_natasha, uniq_terence, uniq_sigmund
D:3:      layout_basic, nicolae_tso_besieged_by_evil, nicolae_vehumet_radiance,
          mainiacjoe_overflow_boulevard, elyvilon_altar_4, uniq_jessica
D:4:      layout_rooms, ebering_ghost_rock_garden, uniq_menkaure, uniq_robin

Skill      XL: |  1  2  3  4  5  6  7 |
---------------+----------------------+-----
Spellcasting   | 4 5 6 |  6.1
Stealth        | 2 3 |  3.3
Dodging        | 3 |  3.7
Fighting       | 1 |  1.2
Short Blades   | |  0.2
Shields        | |  0.1

Action                   |  1- 3 |  4- 6 |  7- 9 || total
-------------------------+-------+-------+-------++-------
Melee: Dagger            |    14 |    33 |    40 ||    87
       War axe           |       |       |    10 ||    10
 Cast: Magic Dart        |    54 |    61 |    20 ||   135
       Searing Ray       |       |     4 |     3 ||     7
       Fulminant Prism   |       |     2 |     4 ||     6
       Freeze            |       |     2 |       ||     2
  Use: Potion            |     1 |       |       ||     1
 Stab: Sleeping          |       |     1 |       ||     1
Armor: Robe              |     2 |     1 |     4 ||     7
Dodge: Dodged            |    26 |    31 |    56 ||   113
Block: Buckler           |       |     1 |     3 ||     4
